 Dungeon Crawl Stone Soup version 0.27-a0-1186-g8b4daa1eef (webtiles) character file.

Game seed: 8858642701549683575

97 ZappyNine the Gusty (level 4, -8/55 HPs)
             Began as a Draconian Air Elementalist on May 19, 2021.
             Mangled by Sigmund
             ... wielding a +0 scythe
              (10 damage)
             ... on level 3 of the Dungeon.
             The game lasted 00:03:19 (2707 turns).

ZappyNine the Gusty (Draconian Air Elementalist)    Turns: 2707, Time: 00:03:20

Health: -8/55      AC: 22    Str: 10    XL:     4   Next: 42%
Magic:  0/7        EV:  2    Int: 16    God:
Gold:   59         SH:  0    Dex: 12    Spells: 1/7 levels left

rFire    + . .     SeeInvis .   e - +4 dagger
rCold    + . .     Faith    .   (no shield)
rNeg     + + +     Spirit   .   (armour unavailable)
rPois    +         Reflect  .   (helmet currently unavailable)
rElec    +         Harm     .   (cloak currently unavailable)
rCorr    +         Rampage  .   (gloves currently unavailable)
Will     .....     NoTele   +   (boots currently unavailable)
Stlth    ++........             (no amulet)
HPRegen  0.18/turn              (no ring)
MPRegen  0.10/turn              (no ring)

@: tree-form (expiring), resistant
A: stationary, stasis, torment immunity, boosted hp, AC +5, unfitting armour,
(cold-blooded)
a: no special abilities


You were on level 3 of the Dungeon.
You were a tree.
You visited 1 branch of the dungeon, and saw 3 of its levels.

You collected 59 gold pieces.

Inventory:

Hand Weapons
 b - a +0 dagger
 d - a +0 vampiric falchion
 e - a +4 dagger (weapon)
Missiles
 f - 5 atropa-tipped darts
Armour
 c - a +0 cloak (melded)
 k - a +0 pair of gloves (melded)
 l - a +0 pair of boots (melded)
Scrolls
 h - 2 scrolls of identify {unknown}
 j - a scroll of brand weapon {unknown}
Potions
 a - a potion of resistance


   Skills:
 + Level 2.4 Fighting
 - Level 1.7 Dodging
 - Level 1.7 Stealth
 - Level 2.0 Spellcasting
 + Level 2.5 Conjurations
 + Level 3.8 Air Magic


You had one spell level left.
You knew the following spells:

 Your Spells              Type           Power      Damage    Failure   Level
a - Shock                 Conj/Air       44%        1d5       5%          1
b - Static Discharge      Conj/Air       11%        N/A       9%          2
c - Swiftness             Air            14%        N/A       13%         3

Your spell library contained the following spells:

 Spells                   Type           Power      Damage    Failure   Level
 Beastly Appendage        Tmut           2%         N/A       21%         1
 Wereblood                Tmut           1%         N/A       30%         2
 Airstrike                Air            7%         N/A       38%         4
 Spider Form              Tmut/Pois      0%         N/A       52%         3
 Lightning Bolt           Conj/Air       5%         1d17      83%         5
 Ice Form                 Ice/Tmut       1%         N/A       90%         4
 Hydra Form               Tmut           0%         N/A       99%         5


Dungeon Overview and Level Annotations

Branches:
Dungeon (3/15)

Altars:

Annotations:
D:3 Sigmund


Innate Abilities, Weirdness & Mutations

You are a tree.
Your roots penetrate the ground, keeping you stationary.
You cannot be teleported.
You are immune to unholy pain and torment.
Your maximum health is greatly increased.
Your equipment is partially melded.
((Your plain brown scales are hard. (AC +5)))
You cannot fit into any form of body armour.
((You are cold-blooded and may be slowed by cold attacks.))


Message History

Confirm with . or Enter, or press ? or * to list all spells.
Aiming: Shock (safe; 5% risk of failure)
Press: ? - help, Shift-Dir - straight line The zap hits something.
Something hits you but does no damage. The endoplasm hits you.
* * * LOW HITPOINT WARNING * * *
Unknown command.
Unknown command.
Casting: Shock (safe; 5% risk of failure)
Confirm with . or Enter, or press ? or * to list all spells.
Aiming: Shock (safe; 5% risk of failure)
Press: ? - help, Shift-Dir - straight line The zap hits something.
Something hits you but does no damage. The endoplasm freezes you.
You are frozen.
You resist.
* * * LOW HITPOINT WARNING * * *
Unknown command.
Unknown command.
Casting: Shock (safe; 5% risk of failure)
Confirm with . or Enter, or press ? or * to list all spells.
Aiming: Shock (safe; 5% risk of failure)
Press: ? - help, Shift-Dir - straight line Something hits you but does no damage.
The endoplasm freezes you.
You are frozen.
You resist.
* * * LOW HITPOINT WARNING * * *
Unknown command.
Unknown command.
You hit the endoplasm.
You kill the endoplasm!
Something hits you but does no damage.
Casting: Shock (safe; 5% risk of failure)
Confirm with . or Enter, or press ? or * to list all spells.
You don't have enough magic to cast this spell.
As you read the scroll labelled NEUPPU FIUSTRA, it crumbles to dust.
It is a scroll of enchant weapon.
Your +3 dagger glows red for a moment.
Your transformation is almost over.
Something hits you!
You die...

.....≈ ##≈.....#........
.....≈ #≈....#⌠........
#....≈ #≈.....###......
.....≈# ##≈...$..# ......
.....≈≈####≈≈......##......
......≈≈≈≈≈≈...............
...........................
..##........{.##.......###
#..#..†...♣...#.....†..#
#................######
##.....)#.......##
##....#⌠#...####
#######..###### #######
#...........
#.....#######.##########
#..<..'..............#
#.....#######.#.####.#


There were no monsters in sight!

Vanquished Creatures
  Terence (D:2)
  An adder (D:3)
  An ufetubus (D:3)
  An adder skeleton (D:3)
  3 ball pythons
  2 bats
  7 endoplasms
  3 giant cockroaches
  6 goblins
  4 hobgoblins
  3 jackals (D:2)
  2 quokkas
  3 frilled lizards
  7 kobolds
  7 rats
51 creatures vanquished.

Vanquished Creatures (others)
  2 plants (D:1)
2 creatures vanquished.

Grand Total: 53 creatures vanquished

Notes
Turn   | Place    | Note
-------+----------+-------------------------------------------
     0 | D:1      | ZappyNine the Draconian Air Elementalist began the quest
                  | for the Orb.
     0 | D:1      | Reached XP level 1. HP: 14/14 MP: 3/3
   336 | D:1      | Reached skill level 1 in Fighting
   336 | D:1      | Reached XP level 2. HP: 23/23 MP: 5/5
   373 | D:1      | Found a faded altar of an unknown god.
  1450 | D:2      | Reached XP level 3. HP: 20/28 MP: 6/6
  1627 | D:2      | Learned a level 2 spell: Static Discharge
  1631 | D:2      | Learned a level 3 spell: Swiftness
  1851 | D:2      | Noticed Terence
  1863 | D:2      | Killed Terence
  2274 | D:2      | Reached XP level 4. HP: 24/36 MP: 7/7
  2679 | D:3      | Noticed Sigmund
  2705 | D:3      | HP: 1/55 [frozen (2)]
  2707 | D:3      | Mangled by Sigmund

Illustrated notes

Levels and vault maps discovered:
D:1:      minmay_arrival_split_and_join, layout_loops_ring,
          ebering_ecumenical_altar_mist, serial_forest, infiniplex_forest_end_3,
          infiniplex_forest_straight_4, infiniplex_forest_lined_corner,
          infiniplex_forest_end_double, infiniplex_forest_lined_3,
          infiniplex_forest_lined_2, infiniplex_forest_lined_corner,
          infiniplex_forest_clump_diagonal, minmay_misc_feat_cross
D:2:      layout_loops_cross, uniq_terence
D:3:      layout_basic, roderic_roman_lattice, grunt_decor_fettered,
          kennysheep_decorative_pillar, uniq_natasha, uniq_sigmund

Skill      XL: |  1  2  3 |
---------------+----------+-----
Fighting       | 1 2 |  2.4
Conjurations   | 2 |  2.5
Dodging        | |  1.7
Stealth        | |  1.7
Spellcasting   | |  2.0
Air Magic      | |  3.8

Action                   |  1- 3 |  4- 6 || total
-------------------------+-------+-------++-------
Melee: Dagger            |   110 |    34 ||   144
       Falchion          |    14 |       ||    14
       Tailslap          |    12 |     5 ||    17
 Cast: Shock             |     8 |    10 ||    18
       Static Discharge  |     3 |       ||     3
  Use: Potion            |       |     2 ||     2
       Scroll            |       |     1 ||     1
 Stab: Sleeping          |     2 |     3 ||     5
Armor: Skin              |    44 |    34 ||    78
Dodge: Dodged            |    72 |    40 ||   112
       Rpst.: Falchion   |     2 |       ||     2

Table legend: (Time is in decaauts)
 A = Elapsed time spent in this place.
 B = Non-inter-level travel time spent in this place.
 C = Inter-level travel time spent in this place.
 D = Time resting spent in this place.
 E = Time spent auto-exploring this place.
 F = Levels seen in this place.
 G = Mean time per level.
                   A        B        C        D        E       F      G
               +--------+--------+--------+--------+--------+-----+--------+
         Total |   2718 |   2618 |    100 |    285 |   1888 |   3 |  906.0 |
       Dungeon |   2718 |   2618 |    100 |    285 |   1888 |   3 |  906.0 |
               +--------+--------+--------+--------+--------+-----+--------+

Top non-repeatable levels by time:
     D:1: 1433 daAuts
     D:2: 1164 daAuts
     D:3: 120 daAuts
